[Event "42nd Olympiad Baku 2016 Women"]
[Site "Baku"]
[Date "2016.09.04"]
[Round "3.30"]
[White "Roy, Ali"]
[Black "Dolzhikova, Olga"]
[Result "0-1"]
[ECO "A06"]
[WhiteElo "1894"]
[BlackElo "2167"]
[Annotator ""]
[PlyCount "142"]
[EventDate "2016.??.??"]
[EventCountry "AZE"]
[SourceTitle "playchess.com"]
[Source "ChessBase"]
[WhiteTeam "Scotland"]
[BlackTeam "Norway"]
[WhiteTeamCountry "SCO"]
[BlackTeamCountry "NOR"]
[TimeControl "40/5400+30:1800+30"]

1. Nf3 {(00:00)} d5 {(00:00)} 2. g3 {(00:00)} Nf6 {
(00:04)} 3. Bg2 {(00:00)} e6 {(00:19)} 4. O-O {(00:
05)} Be7 {(00:44)} 5. d3 {(00:09)} O-O {(01:49)} 6. Nbd2 {
(00:13)} c5 {(06:30)} 7. e4 {(00:45)} Nc6 {(01:05)}
8. e5 {(01:37)} Nd7 {(12:01)} 9. Re1 {(00:11)} Qc7 {
(09:33)} 10. Qe2 {(00:08)} b5 {(05:27)} 11. Nf1 {(
00:43)} Bb7 {(03:11)} 12. h4 {(00:36)} Rac8 {(05:26)} 13.
Bf4 {(01:33)} Nb6 {(05:40)} 14. N1h2 {(01:53)} Rfd8 {
(02:40)} 15. Ng4 {(01:12)} Qd7 {(12:24)} 16. Rad1 {
(12:42)} d4 {(07:33)} 17. Ng5 {(02:23)} Nb4 {(03:
03)} 18. Be4 {(02:59)} Bxe4 {(07:28)} 19. Qxe4 {(02:04)}
Bxg5 {(00:19)} 20. Bxg5 {(00:56)} Qc6 {(08:22)} 21. Qe2 {
(11:16)} N4d5 {(02:29)} 22. Bxd8 {(25:14)} Rxd8 {(
00:05)} 23. Nh2 {(00:04)} Na4 {(00:45)} 24. Qh5 {(02:12)}
Nxb2 {(01:42)} 25. Rb1 {(06:54)} Na4 {(00:06)} 26. Nf3 {
(00:03)} h6 {(00:15)} 27. Nd2 {(02:34)} Nac3 {(00:
26)} 28. Rb2 {(05:20)} Rd7 {(01:23)} 29. Qf3 {(02:26)} a5
{(00:22)} 30. Ne4 {(01:01)} Nxe4 {(00:38)} 31. Qxe4 {
(00:12)} a4 {(01:14)} 32. Reb1 {(01:38)} Rb7 {(00:
09)} 33. a3 {(00:35)} Qd7 {(00:24)} 34. Qf3 {(03:46)} Nc3
{(00:11)} 35. Ra1 {(00:08)} Qd5 {(00:26)} 36. Kg2 {
(02:07)} Qxf3+ {(01:02)} 37. Kxf3 {(00:03)} Kf8 {(
00:05)} 38. g4 {(00:18)} Ke7 {(00:08)} 39. Kg3 {(00:28)}
Rb8 {(01:04)} 40. f4 {(00:00)} Kd7 {(00:00)} 41. f5 {
(04:11)} Re8 {(07:43)} 42. Re1 {(01:29)} Kc6 {(01:
13)} 43. Kf4 {(00:47)} Kd5 {(01:31)} 44. g5 {(03:26)} exf5
{(03:43)} 45. Kxf5 {(00:19)} hxg5 {(03:38)} 46. hxg5 {
(00:34)} Re6 {(00:15)} 47. Rh1 {(04:05)} Rxe5+ {(
00:10)} 48. Kf4 {(00:15)} g6 {(02:54)} 49. Rh8 {(00:28)}
Rf5+ {(00:06)} 50. Kg4 {(00:04)} Rf1 {(02:45)} 51. Rd8+ {
(03:39)} Ke6 {(00:48)} 52. Rc8 {(00:23)} Kd6 {(00:
22)} 53. Rd8+ {(00:29)} Kc7 {(00:37)} 54. Rf8 {(00:28)}
Kd7 {(00:17)} 55. Rb8 {(00:44)} Rg1+ {(01:34)} 56. Kf4 {
(00:58)} Ra1 {(02:09)} 57. Rf8 {(06:11)} Rxa3 {(04:
09)} 58. Rxf7+ {(00:06)} Kd6 {(01:30)} 59. Rf6+ {(02:01)}
Kd5 {(00:12)} 60. Rxg6 {(00:45)} Ra1 {(00:19)} 61. Ra6 {
(00:10)} b4 {(02:34)} 62. g6 {(02:15)} Rg1 {(00:41]
} 63. Kf3 {(01:24)} a3 {(00:39)} 64. Rb3 {(00:07)} a2 {
(03:25)} 65. Rxc3 {(00:08)} dxc3 {(00:52)} 66. Rxa2 {
(00:07)} Rxg6 {(00:07)} 67. Ra8 {(01:39)} Rg1 {(00:
26)} 68. Ra2 {(04:04)} Rd1 {(00:27)} 69. Ke2 {(00:20)}
Rd2+ {(00:07)} 70. Ke3 {(00:08)} b3 {(00:33)} 71. Ra3 {
(00:29)} b2 {(00:22] Kd4+} 0-1

[Event "42nd Olympiad Baku 2016 Women"]
[Site "Baku"]
[Date "2016.09.04"]
[Round "3.4"]
[White "Rubsamen, Anais"]
[Black "Patino Garcia, Corals"]
[Result "0-1"]
[ECO "A04"]
[WhiteElo "1611"]
[BlackElo "1994"]
[Annotator ""]
[PlyCount "84"]
[EventDate "2016.??.??"]
[EventCountry "AZE"]
[SourceTitle "playchess.com"]
[Source "ChessBase"]
[WhiteTeam "Monaco"]
[BlackTeam "Venezuela"]
[WhiteTeamCountry "MNC"]
[BlackTeamCountry "VEN"]
[TimeControl "40/5400+30:1800+30"]

1. Nf3 {(00:00)} c5 {(00:00)} 2. g3 {(00:00)} Nc6 {
(00:00)} 3. Bg2 {(00:00)} g6 {(00:03)} 4. O-O {(00:
19)} Bg7 {(00:20)} 5. d3 {(00:46)} d6 {(00:09)} 6. Nbd2 {
(00:14)} e5 {(00:12)} 7. Rb1 {(03:06)} Nge7 {(01:
41)} 8. a4 {(04:20)} O-O {(00:59)} 9. e4 {(04:04)} h6 {
(06:01)} 10. Nc4 {(04:15)} Be6 {(02:03)} 11. Nfd2 {
(02:22)} d5 {(10:07)} 12. exd5 {(02:29)} Bxd5 {(01:
38)} 13. Bh3 {(04:39)} f5 {(17:26)} 14. Ne3 {(07:44)} Bf7
{(02:20)} 15. Bg2 {(00:28)} f4 {(05:07)} 16. Nec4 {
(02:06)} Bd5 {(06:47)} 17. Ne4 {(05:41)} Nd4 {(15:
44)} 18. c3 {(06:27)} Ne6 {(00:48)} 19. h4 {(04:00)} Nf5 {
(05:34)} 20. Qg4 {(02:54)} Kh7 {(01:55)} 21. Re1 {(
10:39)} Bc6 {(01:40)} 22. Qd1 {(02:30)} Qd7 {(02:46)} 23.
b3 {(01:20)} Rad8 {(00:29)} 24. Bf1 {(02:40)} fxg3 {
(03:44)} 25. fxg3 {(03:06)} Bxe4 {(01:16)} 26. Rxe4 {
(00:06)} Nxg3 {(00:10)} 27. Re1 {(02:03)} Nxf1 {(
02:56)} 28. Rxf1 {(00:12)} Nf4 {(00:51)} 29. Bxf4 {(01:06]
} exf4 {(00:10)} 30. Qf3 {(01:52)} Qxd3 {(02:29)} 31. Qxb7
{(01:01)} Qxc3 {(02:16)} 32. Qxa7 {(00:12)} Qg3+ {(
01:14)} 33. Kh1 {(00:05)} Qxh4+ {(01:35)} 34. Kg1 {(00:09]
} Qg3+ {(00:07)} 35. Kh1 {(00:05)} Kh8 {(01:05)} 36. Qc7 {
(04:03)} Qh3+ {(00:34)} 37. Kg1 {(00:05)} Bd4+ {(
00:16)} 38. Rf2 {(00:21)} Qg3+ {(00:39)} 39. Kh1 {(00:05)}
Qxf2 {(00:41)} 40. Nd6 {(00:00)} Qh4+ {(00:00)} 41. Kg2 {
(00:56)} Qg3+ {(00:39)} 42. Kh1 {(00:12)} Qh3# {(
00:06)} 0-1

[Event "42nd Olympiad Baku 2016 Women"]
[Site "Baku"]
[Date "2016.09.04"]
[Round "3.29"]
[White "Sahl, Sheila Barth"]
[Black "Arakhamia-Grant, Ketevan"]
[Result "0-1"]
[ECO "B31"]
[WhiteElo "2181"]
[BlackElo "2381"]
[Annotator ""]
[PlyCount "78"]
[EventDate "2016.??.??"]
[EventCountry "AZE"]
[SourceTitle "playchess.com"]
[Source "ChessBase"]
[WhiteTeam "Norway"]
[BlackTeam "Scotland"]
[WhiteTeamCountry "NOR"]
[BlackTeamCountry "SCO"]
[TimeControl "40/5400+30:1800+30"]

1. e4 {(00:00)} c5 {(00:00)} 2. Nf3 {(00:00)} Nc6 {
(00:00)} 3. Bb5 {(00:04)} g6 {(00:28)} 4. O-O {(00:
44)} Bg7 {(00:14)} 5. c3 {(00:54)} Nf6 {(10:38)} 6. d4 {
(01:46)} cxd4 {(09:43)} 7. cxd4 {(00:21)} Nxe4 {(
06:27)} 8. d5 {(00:36)} Nd6 {(03:53)} 9. Na3 {(00:30)} Ne5
{(06:08)} 10. Nxe5 {(04:57)} Bxe5 {(02:16)} 11. Re1 {
(17:04)} Bf6 {(04:41)} 12. Bh6 {(08:08)} Nf5 {(11:
57)} 13. Qd2 {(00:59)} a6 {(16:33)} 14. Bd3 {(02:14)} Nxh6
{(02:31)} 15. Qxh6 {(00:08)} d6 {(00:14)} 16. Re2 {
(19:11)} Bg4 {(04:56)} 17. f3 {(02:12)} Bd7 {(00:
36)} 18. Rae1 {(11:26)} Qb6+ {(03:56)} 19. Kh1 {(01:33)}
O-O-O {(00:42)} 20. Qd2 {(07:52)} Kb8 {(01:07)} 21. Nc4 {
(07:36)} Qc5 {(00:55)} 22. Ne3 {(01:41)} Rc8 {(01:
30)} 23. Qd1 {(04:18)} Ka7 {(02:47)} 24. Qb3 {(00:18)} Qb6
{(02:33)} 25. Qa3 {(01:57)} Qc5 {(00:28)} 26. Qb3 {
(00:17)} Qb6 {(00:28)} 27. Qa3 {(00:04)} Bb5 {(01:
23)} 28. Ng4 {(00:49)} Bg5 {(00:56)} 29. f4 {(01:35)} Bxf4
{(01:38)} 30. Bxb5 {(02:29)} Qxb5 {(00:07)} 31. Qf3 {
(00:15)} Bg5 {(00:53)} 32. Qf2+ {(01:08)} Ka8 {(00:
21)} 33. h4 {(00:20)} h5 {(02:05)} 34. hxg5 {(00:06)}
hxg4+ {(00:05)} 35. Kg1 {(00:01)} Qxd5 {(01:57)} 36. Rxe7
{(00:08)} Qxg5 {(01:12)} 37. g3 {(02:28)} Qd5 {(00:
48)} 38. Qxf7 {(01:55)} Qh1+ {(01:04)} 39. Kf2 {(00:01)}
Rh2+ {(00:16)} 0-1

[Event "42nd Olympiad Baku 2016 Women"]
[Site "Baku"]
[Date "2016.09.04"]
[Round "3.20"]
[White "Salim-Moussa, Seydi"]
[Black "Lourenco, Eva"]
[Result "1-0"]
[ECO "B34"]
[WhiteElo "1668"]
[BlackElo "1276"]
[Annotator ""]
[PlyCount "41"]
[EventDate "2016.??.??"]
[EventCountry "AZE"]
[SourceTitle "playchess.com"]
[Source "ChessBase"]
[WhiteTeam "Netherlands Antilles"]
[BlackTeam "New Zealand"]
[WhiteTeamCountry "AHO"]
[BlackTeamCountry "NZL"]
[TimeControl "40/5400+30:1800+30"]

1. e4 {(00:00)} c5 {(00:00)} 2. Nf3 {(00:00)} Nc6 {
(00:21)} 3. d4 {(00:03)} cxd4 {(00:48)} 4. Nxd4 {(
00:03)} g6 {(00:28)} 5. Nc3 {(00:27)} Bg7 {(00:54)} 6. Be3
{(00:18)} Nf6 {(00:42)} 7. Qd2 {(00:42)} O-O {(10:
39)} 8. O-O-O {(03:18)} d6 {(01:21)} 9. Bh6 {(11:22)} Bxh6
{(19:37)} 10. Qxh6 {(00:45)} Nxd4 {(03:31)} 11. Rxd4 {
(00:48)} e5 {(02:02)} 12. Rd3 {(06:24)} Be6 {(07:
16)} 13. h4 {(07:10)} Qe7 {(08:06)} 14. Be2 {(06:21)} Rad8
{(09:39)} 15. h5 {(12:58)} Ng4 {(13:34)} 16. Bxg4 {
(01:53)} Bxg4 {(00:38)} 17. Nd5 {(05:48)} Qe6 {(01:
58)} 18. hxg6 {(04:17)} Qxg6 {(02:46)} 19. Ne7+ {(03:30)}
Kh8 {(01:38)} 20. Nxg6+ {(00:07)} fxg6 {(00:42)} 21. Qxh7#
{(00:16)} 1-0

[Event "42nd Olympiad Baku 2016 Women"]
[Site "Baku"]
[Date "2016.09.04"]
[Round "3.1"]
[White "Samaganova, Alexandra"]
[Black "Mammadova, Narmin"]
[Result "0-1"]
[ECO "A13"]
[WhiteElo "2048"]
[BlackElo "2230"]
[Annotator ""]
[PlyCount "108"]
[EventDate "2016.??.??"]
[EventCountry "AZE"]
[SourceTitle "playchess.com"]
[Source "ChessBase"]
[WhiteTeam "Kyrgyzstan"]
[BlackTeam "Azerbaijan"]
[WhiteTeamCountry "KGZ"]
[BlackTeamCountry "AZE"]
[TimeControl "40/5400+30:1800+30"]

1. c4 {(00:00)} e6 {(00:00)} 2. Nf3 {(00:00)} d5 {(
00:00)} 3. e3 {(00:25)} Nf6 {(00:06)} 4. Nc3 {(00:24)} c5
{(00:14)} 5. d4 {(02:13)} cxd4 {(00:25)} 6. exd4 {(
02:22)} Be7 {(00:09)} 7. cxd5 {(02:07)} Nxd5 {(00:07)} 8.
Bd3 {(00:45)} O-O {(00:21)} 9. O-O {(01:33)} Nc6 {(
00:16)} 10. Re1 {(01:57)} Nf6 {(00:39)} 11. a3 {(03:20)}
b6 {(00:27)} 12. Bc2 {(01:25)} Ba6 {(05:27)} 13. b4 {
(11:32)} Rc8 {(01:03)} 14. Bb2 {(04:52)} Bc4 {(02:
49)} 15. Ne4 {(15:31)} Bd5 {(04:47)} 16. Nxf6+ {(06:54)}
Bxf6 {(00:02)} 17. Qd3 {(00:51)} g6 {(00:23)} 18. Ne5 {
(01:05)} Bg7 {(09:48)} 19. Rad1 {(15:57)} Qg5 {(04:
44)} 20. g3 {(02:06)} Rfd8 {(08:40)} 21. f4 {(10:22)} Qe7
{(07:09)} 22. Bb3 {(02:03)} Qb7 {(04:47)} 23. Bxd5 {
(06:28)} Rxd5 {(00:44)} 24. Qe4 {(00:25)} Rcd8 {(
03:15)} 25. Rc1 {(00:36)} Nxe5 {(06:27)} 26. fxe5 {(01:08]
} Qd7 {(01:42)} 27. Rc2 {(01:14)} Qb5 {(08:09)} 28. Qe2 {
(00:57)} Qa4 {(01:01)} 29. Qc4 {(01:11)} Bh6 {(01:
50)} 30. Kg2 {(01:04)} b5 {(05:18)} 31. Qd3 {(01:00)} a5 {
(01:51)} 32. bxa5 {(00:54)} Qxa5 {(00:25)} 33. Ree2 {
(00:19)} Bf8 {(01:12)} 34. Qb3 {(00:53)} R5d7 {(03:
30)} 35. Re3 {(00:56)} Rb8 {(04:04)} 36. Qd3 {(01:53)} Qa4
{(05:08)} 37. Kh3 {(00:42)} b4 {(04:39)} 38. Rc4 {(
01:00)} Qa8 {(01:54)} 39. axb4 {(00:27)} Bxb4 {(01:12)}
40. Qc2 {(00:00)} Bf8 {(00:00)} 41. Rb3 {(12:35)} Rxb3 {
(15:40)} 42. Qxb3 {(00:09)} Rb7 {(01:26)} 43. Qc3 {
(02:12)} Rb8 {(02:28)} 44. Bc1 {(13:34)} Qh1 {(07:
25)} 45. Qd3 {(00:43)} Rb3 {(06:27)} 46. Qe2 {(02:51)} Qb7
{(01:34)} 47. Qg2 {(01:39)} Qa6 {(01:15)} 48. Qc2 {
(00:34)} Rb8 {(01:05)} 49. Bg5 {(00:29)} h6 {(01:
00)} 50. Bf6 {(00:46)} Qa1 {(00:29)} 51. Qg2 {(00:33)} Qd1
{(01:07)} 52. Qc2 {(00:30)} Qf1+ {(00:11)} 53. Kh4 {
(00:29)} g5+ {(00:31)} 54. Kg4 {(00:31)} Rb2 {(00:
11)} 0-1

[Event "42nd Olympiad Baku 2016 Women"]
[Site "Baku"]
[Date "2016.09.04"]
[Round "3.1"]
[White "Sanchez Castillo, Sarai Carolina"]
[Black "Lebel-Arias, Julia"]
[Result "1-0"]
[ECO "B06"]
[WhiteElo "2182"]
[BlackElo "1802"]
[Annotator ""]
[PlyCount "57"]
[EventDate "2016.??.??"]
[EventCountry "AZE"]
[SourceTitle "playchess.com"]
[Source "ChessBase"]
[WhiteTeam "Venezuela"]
[BlackTeam "Monaco"]
[WhiteTeamCountry "VEN"]
[BlackTeamCountry "MNC"]
[TimeControl "40/5400+30:1800+30"]

1. e4 {(00:00)} g6 {(00:00)} 2. d4 {(00:00)} Bg7 {(
00:00)} 3. Nc3 {(00:06)} d6 {(00:00)} 4. Bg5 {(01:57)} a6
{(02:15)} 5. Qd2 {(01:56)} b5 {(03:28)} 6. Nf3 {(
10:55)} Bg4 {(01:16)} 7. Be2 {(09:23)} c6 {(01:32)} 8. h3
{(08:05)} Bd7 {(02:52)} 9. e5 {(02:58)} d5 {(00:38]
} 10. a4 {(00:12)} b4 {(00:30)} 11. Nd1 {(00:03)} Qa5 {
(01:33)} 12. O-O {(03:04)} Be6 {(00:13)} 13. c3 {(
07:42)} bxc3 {(00:44)} 14. Nxc3 {(00:02)} Nd7 {(00:37)}
15. b4 {(03:56)} Qb6 {(01:33)} 16. b5 {(02:45)} f6 {
(03:29)} 17. a5 {(06:22)} Qc7 {(00:56)} 18. exf6 {(
00:44)} exf6 {(00:09)} 19. Bf4 {(00:27)} Qc8 {(00:19)} 20.
bxc6 {(02:26)} Qxc6 {(00:34)} 21. Rfc1 {(00:18)} Qb7 {
(03:41)} 22. Rab1 {(03:01)} Qa7 {(00:48)} 23. Nxd5 {
(06:58)} Bxd5 {(03:33)} 24. Rc7 {(00:04)} Qxc7 {(
00:43)} 25. Bxc7 {(00:03)} Ne7 {(02:44)} 26. Bd6 {(04:05)}
Bf8 {(03:39)} 27. Bd3 {(04:05)} Kf7 {(00:30)} 28. Qf4 {
(02:43)} Kg7 {(01:47)} 29. Be4 {(01:57)} 1-0

[Event "42nd Olympiad Baku 2016 Women"]
[Site "Baku"]
[Date "2016.09.04"]
[Round "3.18"]
[White "Sanchez, Mariana"]
[Black "Zhang, Jasmine Haomo"]
[Result "0-1"]
[ECO "B95"]
[WhiteElo "1813"]
[BlackElo "1721"]
[Annotator ""]
[PlyCount "124"]
[EventDate "2016.??.??"]
[EventCountry "AZE"]
[SourceTitle "playchess.com"]
[Source "ChessBase"]
[WhiteTeam "AHO"]
[BlackTeam "NZL"]
[WhiteTeamCountry "ARG"]
[BlackTeamCountry "NZL"]
[TimeControl "40/5400+30:1800+30"]

1. e4 {(00:00)} c5 {(00:00)} 2. Nf3 {(00:00)} d6 {(
00:00)} 3. d4 {(00:01)} cxd4 {(00:00)} 4. Nxd4 {(00:14)}
Nf6 {(00:00)} 5. Nc3 {(00:06)} a6 {(00:00)} 6. Bc4 {
(01:17)} e6 {(05:17)} 7. Bg5 {(01:30)} Be7 {(00:09]
} 8. Bxf6 {(02:28)} Bxf6 {(00:22)} 9. Nde2 {(00:16)} Qc7 {
(01:21)} 10. Bb3 {(00:54)} b5 {(02:17)} 11. a3 {(
01:12)} Bb7 {(00:36)} 12. O-O {(02:11)} Nc6 {(09:15)} 13.
Qd2 {(10:57)} O-O {(00:47)} 14. Ng3 {(00:59)} Ne7 {
(03:10)} 15. Nh5 {(04:11)} Bxc3 {(01:04)} 16. bxc3 {
(00:26)} Rfd8 {(02:07)} 17. Rfe1 {(03:03)} Rac8 {(
01:40)} 18. Re3 {(00:08)} Qc5 {(00:19)} 19. Nf4 {(01:33)}
Qe5 {(02:45)} 20. g3 {(01:42)} Nc6 {(08:03)} 21. Qe2 {
(02:41)} Na5 {(01:50)} 22. Qd3 {(07:42)} Nc4 {(05:
02)} 23. Ree1 {(07:33)} Qf6 {(14:30)} 24. Bxc4 {(06:12)}
Rxc4 {(00:21)} 25. Re3 {(01:07)} Qe5 {(03:41)} 26. f3 {
(08:30)} Rdc8 {(02:58)} 27. Ne2 {(01:05)} Qc5 {(03:
08)} 28. Kg2 {(00:33)} Ra4 {(00:20)} 29. Rd1 {(02:49)} d5
{(03:37)} 30. exd5 {(07:48)} Bxd5 {(00:24)} 31. Nf4 {
(00:30)} Rxa3 {(03:31)} 32. Nxd5 {(00:38)} exd5 {(
00:42)} 33. Rde1 {(12:55)} g6 {(00:39)} 34. Qe2 {(03:02)}
Rxc3 {(01:54)} 35. Re8+ {(01:13)} Rxe8 {(00:08)} 36. Qxe8+
Qf8 {(02:18)} 37. Qd7 {(04:43)} Rxc2+ {(00:21)} 38. Kh1 {
(01:12)} Rc8 {(06:45)} 39. Qxd5 {(01:58)} Qc5 {(01:
33)} 40. Qa2 {(00:00)} Qc6 {(00:00)} 41. Qb3 {(04:39)} Kg7
{(03:50)} 42. Qe3 {(00:38)} Qc3 {(00:34)} 43. Qf2 {
(02:36)} Rd8 {(01:48)} 44. Re2 {(03:13)} Qd4 {(01:
05)} 45. Qf1 {(07:04)} Qc4 {(02:01)} 46. Qa1+ {(00:44)}
Qd4 {(01:27)} 47. Qf1 {(02:11)} Qa4 {(00:50)} 48. Re1 {
(00:49)} Rd2 {(01:10)} 49. Rc1 {(02:25)} Qa2 {(00:
43)} 50. Ra1 {(00:35)} Qc2 {(01:49)} 51. Rc1 {(00:43)} Qd3
{(00:13)} 52. Qxd3 {(04:04)} Rxd3 {(00:05)} 53. Kg2 {
(00:28)} Ra3 {(00:06)} 54. Rc6 {(00:07)} b4 {(00:
12)} 55. Rb6 {(00:04)} a5 {(00:07)} 56. Kf2 {(01:48)} b3 {
(00:12)} 57. Ke1 {(00:19)} a4 {(00:08)} 58. Kd2 {(
01:07)} Ra2+ {(00:05)} 59. Kc1 {(00:05)} Rxh2 {(00:10)}
60. Kb1 {(01:06)} Rf2 {(03:04)} 61. Ra6 {(03:23)} Rxf3 {
(00:17)} 62. Rxa4 {(00:08)} Rxg3 {(00:06)} 0-1

[Event "42nd Olympiad Baku 2016 Women"]
[Site "Baku"]
[Date "2016.09.04"]
[Round "3.28"]
[White "Sandiford, Segan"]
[Black "Lee Lok Yi"]
[Result "0-1"]
[ECO "B00"]
[WhiteElo "1226"]
[BlackElo "1497"]
[Annotator ""]
[PlyCount "98"]
[EventDate "2016.??.??"]
[EventCountry "AZE"]
[SourceTitle "playchess.com"]
[Source "ChessBase"]
[WhiteTeam "Barbados"]
[BlackTeam "Hong Kong"]
[WhiteTeamCountry "BAR"]
[BlackTeamCountry "HKG"]
[TimeControl "40/5400+30:1800+30"]

1. e4 {(00:00)} b6 {(00:00)} 2. d4 {(00:00)} e6 {(
00:00)} 3. Nf3 {(00:00)} Bb7 {(00:08)} 4. Bd3 {(00:17)}
Nf6 {(00:18)} 5. Qe2 {(00:26)} c5 {(00:45)} 6. c3 {
(00:16)} Nc6 {(01:10)} 7. a3 {(00:43)} Rc8 {(01:02]
} 8. Nbd2 {(01:06)} Be7 {(01:36)} 9. O-O {(00:32)} O-O {
(00:18)} 10. Re1 {(00:29)} d5 {(03:17)} 11. e5 {(
00:55)} Nd7 {(01:27)} 12. Nf1 {(01:26)} Na5 {(06:31)} 13.
N1d2 {(03:08)} h6 {(03:13)} 14. h4 {(10:16)} Bxh4 {
(06:08)} 15. Nxh4 {(03:00)} Qxh4 {(00:27)} 16. g3 {
(00:44)} Qe7 {(02:56)} 17. Kg2 {(01:00)} cxd4 {(03:
26)} 18. cxd4 {(01:49)} Nc4 {(00:17)} 19. Nxc4 {(00:38)}
dxc4+ {(00:34)} 20. Be4 {(03:55)} Nb8 {(06:24)} 21. Rh1 {
(05:00)} f5 {(04:35)} 22. exf6 {(11:30)} Bxe4+ {(
01:17)} 23. Qxe4 {(00:25)} Qxf6 {(00:42)} 24. Be3 {(24:39]
} Rf7 {(12:10)} 25. f4 {(09:28)} Qf5 {(04:36)} 26. Qxf5 {
(03:51)} exf5 {(00:19)} 27. Rac1 {(02:31)} Re7 {(
03:21)} 28. Kf3 {(03:14)} Rce8 {(02:21)} 29. Rc3 {(03:25)}
b5 {(02:49)} 30. Rh5 {(04:59)} Rf7 {(01:57)} 31. a4 {
(01:13)} a6 {(01:06)} 32. b3 {(01:10)} Rc8 {(02:36]
} 33. axb5 {(01:54)} axb5 {(00:29)} 34. bxc4 {(00:09)}
bxc4 {(00:58)} 35. g4 {(01:01)} Nd7 {(07:00)} 36. Rxf5 {
(00:49)} Rxf5 {(00:23)} 37. gxf5 {(00:07)} Nf6 {(
00:49)} 38. Bf2 {(01:30)} Nd5 {(03:12)} 39. Rc1 {(00:45)}
Nb4 {(01:32)} 40. Ke2 {(00:00)} Nd3 {(00:00)} 41. Rc3 {
(03:08)} Nxf4+ {(01:32)} 42. Kf3 {(00:50)} Nd5 {(
00:35)} 43. Rc1 {(00:42)} Nb4 {(01:13)} 44. Bg3 {(10:20)}
Kf7 {(01:28)} 45. Be5 {(02:53)} c3 {(03:31)} 46. Ke2 {
(03:28)} c2 {(01:12)} 47. Kd2 {(01:30)} g6 {(02:51]
} 48. fxg6+ {(01:39)} Kxg6 {(00:13)} 49. d5 {(01:02)} Rc5
{(03:03)} 0-1

[Event "42nd Olympiad Baku 2016 Women"]
[Site "Baku"]
[Date "2016.09.04"]
[Round "3.20"]
[White "Santeramo, Alessia"]
[Black "Martinez, Ayelen"]
[Result "0-1"]
[ECO "B53"]
[WhiteElo "2001"]
[BlackElo "2219"]
[Annotator ""]
[PlyCount "158"]
[EventDate "2016.??.??"]
[EventCountry "AZE"]
[SourceTitle "playchess.com"]
[Source "ChessBase"]
[WhiteTeam "Italy"]
[BlackTeam "Argentina"]
[WhiteTeamCountry "ITA"]
[BlackTeamCountry "ARG"]
[TimeControl "40/5400+30:1800+30"]

1. e4 {(00:00)} c5 {(00:00)} 2. Nf3 {(00:00)} d6 {(
00:00)} 3. d4 {(00:21)} cxd4 {(00:00)} 4. Qxd4 {(00:05)}
Nc6 {(00:14)} 5. Bb5 {(00:05)} Bd7 {(00:02)} 6. Qd3 {
(00:05)} Nf6 {(00:21)} 7. c4 {(00:07)} g6 {(01:04)}
8. Nc3 {(00:43)} Bg7 {(00:05)} 9. O-O {(00:26)} O-O {
(00:51)} 10. h3 {(00:27)} a6 {(01:35)} 11. Bxc6 {(
00:50)} Bxc6 {(00:09)} 12. Nd4 {(00:25)} Rc8 {(02:12)} 13.
Be3 {(01:46)} Nd7 {(00:36)} 14. Rac1 {(01:10)} Re8 {
(06:44)} 15. Rfd1 {(02:29)} Qa5 {(01:08)} 16. b3 {(
19:35)} Qh5 {(09:20)} 17. f3 {(10:27)} Ne5 {(12:33)} 18.
Qe2 {(03:27)} Bd7 {(09:11)} 19. Nd5 {(05:26)} Nc6 {
(02:54)} 20. Nb6 {(07:58)} Nxd4 {(00:34)} 21. Qf2 {
(09:41)} Nxf3+ {(11:27)} 22. Qxf3 {(00:38)} Qxf3 {(
05:33)} 23. gxf3 {(00:08)} Rcd8 {(00:15)} 24. Nxd7 {(01:
39)} Rxd7 {(00:06)} 25. c5 {(00:37)} Bb2 {(00:26)} 26. Rc4
{(07:30)} Rdd8 {(06:47)} 27. c6 {(12:48)} bxc6 {(
04:04)} 28. Rxc6 {(00:15)} Ra8 {(00:50)} 29. Rd2 {(01:03)}
Bf6 {(01:20)} 30. Bd4 {(01:24)} Kg7 {(04:15)} 31. Kf2 {
(03:37)} a5 {(09:21)} 32. Bxf6+ {(06:38)} Kxf6 {(
01:01)} 33. Rdc2 {(00:47)} Reb8 {(00:26)} 34. R2c4 {(00:
33)} g5 {(02:21)} 35. Rc7 {(00:25)} a4 {(06:49)} 36. Rxa4
{(02:06)} Rxa4 {(00:05)} 37. bxa4 {(00:02)} Rb2+ {(
00:08)} 38. Kg1 {(00:30)} Rxa2 {(00:08)} 39. Ra7 {(00:05)}
h5 {(02:18)} 40. a5 {(00:00)} Ke6 {(00:00)} 41. a6 {
(02:45)} f6 {(10:28)} 42. Kf1 {(08:37)} f5 {(07:15]
} 43. exf5+ {(08:34)} Kxf5 {(00:06)} 44. Rxe7 {(00:11)}
Rxa6 {(00:05)} 45. Rf7+ {(00:11)} Ke5 {(01:28)} 46. h4 {
(01:55)} gxh4 {(01:19)} 47. Rh7 {(00:07)} Kf4 {(00:
21)} 48. Rxh5 {(02:07)} Kxf3 {(00:08)} 49. Rf5+ {(00:27)}
Kg4 {(00:40)} 50. Rd5 {(00:06)} h3 {(05:18)} 51. Kg1 {
(01:04)} Kf3 {(02:17)} 52. Rd3+ {(01:50)} Ke2 {(01:
11)} 53. Rd5 {(00:48)} Ke3 {(00:38)} 54. Rh5 {(02:25)}
Ra1+ {(01:10)} 55. Kh2 {(00:05)} Rf1 {(00:14)} 56. Rd5 {
(03:08)} Rf6 {(02:04)} 57. Kxh3 {(00:09)} Ke4 {(01:
26)} 58. Rd1 {(00:17)} d5 {(00:38)} 59. Re1+ {(00:06)} Kd3
{(00:14)} 60. Rd1+ {(00:06)} Kc4 {(00:05)} 61. Rc1+ {
(00:07)} Kb3 {(00:16)} 62. Rd1 {(00:59)} Rd6 {(00:
26)} 63. Kg3 {(00:55)} d4 {(00:10)} 64. Kf2 {(03:39)} Kc2
{(03:28)} 65. Ra1 {(00:58)} Rf6+ {(00:08)} 66. Ke1 {
(00:31)} Re6+ {(00:09)} 67. Kf2 {(00:16)} d3 {(01:
04)} 68. Ra5 {(00:44)} d2 {(01:17)} 69. Rc5+ {(00:05)} Kb3
{(01:29)} 70. Rd5 {(00:14)} Kc3 {(00:07)} 71. Rc5+ {
(01:02)} Kb3 {(01:18)} 72. Rd5 {(00:04)} Kc2 {(00:
04)} 73. Rc5+ {(00:07)} Kd1 {(00:03)} 74. Rc7 {(00:47)}
Rf6+ {(00:39)} 75. Kg3 {(00:15)} Rf5 {(00:50)} 76. Kg4 {
(00:07)} Rd5 {(00:35)} 77. Rh7 {(02:00)} Kc2 {(00:
20)} 78. Rc7+ {(00:18)} Kb3 {(00:05)} 79. Rb7+ {(00:09)}
Ka4 {(00:08)} 0-1